ITL
WABA DUCKS @ INDIANA HOUNDS
05/22/2028
 
TOP OF THE 1ST
Waba Ducks batting - Pitching for Indiana Hounds : RHP Alvin Heath
Pitching: RHP Alvin Heath
Batting: LHB José Rodríguez 0-0: Fly out, F8 (Flyball, 89S)
Batting: RHB Kelly Graham 0-0: Swinging Strike
0-1: Foul Ball, location: 2F
0-2: Ball
1-2: Ball
2-2: Ball
3-2: Fly out, F8 (Flyball, 8LD)
Batting: LHB Javier Orozco 0-0: Ball
1-0: Ball
2-0: Called Strike
2-1: Ball
3-1: Ground out 4-3 (Groundball, 4)
Top of the 1st over - 0 run(s), 0 hit(s), 0 error(s), 0 left on base; Waba 0 - Indiana 0
BOTTOM OF THE 1ST
Indiana Hounds batting - Pitching for Waba Ducks : RHP Manny Benavides
Pitching: RHP Manny Benavides
Batting: RHB Javier Martínez 0-0: Swinging Strike
0-1: Ball
1-1: Called Strike
1-2: Strikes out looking
Batting: LHB John Cotton 0-0: Called Strike
0-1: Foul Ball, location: 2F
0-2: Fly out, F7 (Flyball, 78S)
Batting: RHB Jeff Jones 0-0: Ball
1-0: Swinging Strike
1-1: Foul Ball, location: 2F
1-2: Strikes out swinging
Bottom of the 1st over - 0 run(s), 0 hit(s), 0 error(s), 0 left on base; Waba 0 - Indiana 0
TOP OF THE 2ND
Waba Ducks batting - Pitching for Indiana Hounds : RHP Alvin Heath
Batting: LHB Sammy Marshall 0-0: Ball
1-0: Ball
2-0: Ball
3-0: Called Strike
3-1: Ground out 4-3 (Groundball, 4)
Batting: RHB Jeremy Flemming 0-0: Swinging Strike
0-1: Foul Ball, location: 2F
0-2: Ball
1-2: Foul Ball, location: 2F
1-2: Fly out, F7 (Flyball, 7)
Batting: RHB Roberto Pagán 0-0: SINGLE (Groundball, 6MD)
Batting: RHB Enrique Castillo 0-0: Ball
1-0: Ball
2-0: Called Strike
2-1: Swinging Strike
2-2: Foul Ball, location: 2F
2-2: Strikes out swinging
Top of the 2nd over - 0 run(s), 1 hit(s), 0 error(s), 1 left on base; Waba 0 - Indiana 0
BOTTOM OF THE 2ND
Indiana Hounds batting - Pitching for Waba Ducks : RHP Manny Benavides
Batting: LHB Denny Poole 0-0: Ground out 6-3 (Groundball, 6)
Batting: RHB Octávio Marín 0-0: SINGLE (Groundball, 34) (infield hit)
Batting: LHB Dave Watson 0-0: Called Strike
0-1: SINGLE (Line Drive, 4D)
Octávio Marín to second
Batting: RHB Francisco Tañón 0-0: Foul Ball, location: 2F
0-1: Ball
1-1: Ball
2-1: Foul Ball, location: 2F
2-2: Foul Ball, location: 2F
2-2: Foul Ball, location: 2F
2-2: Ball
3-2: Base on Balls
Octávio Marín to third
Dave Watson to second
Batting: RHB Doug Murray 0-0: Called Strike
0-1: Swinging Strike
0-2: Ball
1-2: Ball
2-2: Foul Ball, location: 2F
2-2: Foul Ball, location: 2F
2-2: Foul Ball, location: 2F
2-2: Ball
3-2: DOUBLE (Line Drive, 78D)
Octávio Marín scores
Dave Watson scores
Francisco Tañón to third
Runner from 3rd tries for Home, SAFE, no throw
Batting: LHB Dave Helásquez 0-0: Called Strike
0-1: Swinging Strike
0-2: Ball
1-2: Strikes out looking
Batting: RHB Javier Martínez 0-0: Ball
1-0: Foul Ball, location: 2F
1-1: Ground out 6-3 (Groundball, 6)
Bottom of the 2nd over - 3 run(s), 3 hit(s), 0 error(s), 1 left on base; Waba 0 - Indiana 3
TOP OF THE 3RD
Waba Ducks batting - Pitching for Indiana Hounds : RHP Alvin Heath
Batting: RHB Paul Spencer 0-0: Ball
1-0: Foul Ball, location: 2F
1-1: Ground out 5-3 (Groundball, 56)
Batting: SHB Alex Aguilar 0-0: Ball
1-0: Called Strike
1-1: Ball
2-1: Fly out, F5 (Line Drive, 56)
Batting: LHB José Rodríguez 0-0: Called Strike
0-1: Ball
1-1: Ball
2-1: Called Strike
2-2: Strikes out swinging
Top of the 3rd over - 0 run(s), 0 hit(s), 0 error(s), 0 left on base; Waba 0 - Indiana 3
BOTTOM OF THE 3RD
Indiana Hounds batting - Pitching for Waba Ducks : RHP Manny Benavides
Batting: LHB John Cotton 0-0: Foul Ball, location: 2F
0-1: Foul Ball, location: 2F
0-2: Fly out, F7 (Flyball, 7LS)
Batting: RHB Jeff Jones 0-0: Ball
1-0: Ball
2-0: Ball
3-0: Called Strike
3-1: Base on Balls
Batting: LHB Denny Poole 0-0: Ball
1-0: Foul Ball, location: 2F
1-1: Ball
2-1: Ball
3-1: Foul Ball, location: 2F
3-2: SINGLE (Groundball, 4D)
Jeff Jones to second
Runner from 2nd tries for 3rd, SAFE, throw made to third
Batting: RHB Octávio Marín 0-0: Ball
1-0: Foul Ball, location: 2F
1-1: Fielders Choice at 2nd, 5-4 (Groundball, 56)
Jeff Jones scores
Batting: LHB Dave Watson 0-0: Called Strike
0-1: Ball
1-1: Fly out, F8 (Flyball, 8LM)
Bottom of the 3rd over - 1 run(s), 1 hit(s), 0 error(s), 1 left on base; Waba 0 - Indiana 4
TOP OF THE 4TH
Waba Ducks batting - Pitching for Indiana Hounds : RHP Alvin Heath
Batting: RHB Kelly Graham 0-0: Ball
1-0: Called Strike
1-1: Ball
2-1: SINGLE (Line Drive, 89M)
Batting: LHB Javier Orozco 0-0: Fly out, F8 (Flyball, 8RM)
Batting: LHB Sammy Marshall 0-0: Ball
1-0: Foul Ball, location: 2F
1-1: Foul Ball, location: 2F
1-2: 2-RUN HOME RUN (Flyball, 9D), Distance : 351 ft
Batting: RHB Jeremy Flemming 0-0: Ball
1-0: Called Strike
1-1: Swinging Strike
1-2: Strikes out looking
Batting: RHB Roberto Pagán 0-0: Ball
1-0: Called Strike
1-1: Called Strike
1-2: Strikes out swinging
Top of the 4th over - 2 run(s), 2 hit(s), 0 error(s), 0 left on base; Waba 2 - Indiana 4
BOTTOM OF THE 4TH
Indiana Hounds batting - Pitching for Waba Ducks : RHP Manny Benavides
Batting: RHB Francisco Tañón 0-0: Ball
1-0: Ball
2-0: Foul Ball, location: 2F
2-1: Called Strike
2-2: Ball
3-2: Base on Balls
Batting: RHB Doug Murray 0-0: Ball
1-0: Called Strike
1-1: Ball
2-1: Called Strike
2-2: Ground out 4-3 (Groundball, 4S)
Francisco Tañón to second
Batting: LHB Dave Helásquez 0-0: Swinging Strike
0-1: Ball
1-1: Ball
2-1: Foul Ball, location: 2F
2-2: Strikes out swinging
Batting: RHB Javier Martínez 0-0: Ball
1-0: Called Strike
1-1: Ball
2-1: Foul Ball, location: 2F
2-2: Ball
3-2: Foul Ball, location: 2F
3-2: DOUBLE (Line Drive, 7LM)
Francisco Tañón scores
Batting: LHB John Cotton 0-0: Called Strike
0-1: Called Strike
Javier Martínez is caught stealing 3rd base
Bottom of the 4th over - 1 run(s), 1 hit(s), 0 error(s), 0 left on base; Waba 2 - Indiana 5
TOP OF THE 5TH
Waba Ducks batting - Pitching for Indiana Hounds : RHP Alvin Heath
Batting: RHB Enrique Castillo 0-0: Ball
1-0: SINGLE (Groundball, 34D)
Batting: RHB Paul Spencer 0-0: Ball
1-0: Foul Ball, location: 2F
1-1: Swinging Strike
1-2: Foul Ball, location: 2F
1-2: Strikes out looking
Batting: SHB Alex Aguilar 0-0: Fly out, F7 (Flyball, 7LS)
Batting: LHB José Rodríguez 0-0: Called Strike
0-1: Called Strike
0-2: Strikes out swinging
Top of the 5th over - 0 run(s), 1 hit(s), 0 error(s), 1 left on base; Waba 2 - Indiana 5
BOTTOM OF THE 5TH
Indiana Hounds batting - Pitching for Waba Ducks : RHP Manny Benavides
Batting: LHB John Cotton 0-0: Ball
1-0: Called Strike
1-1: Ball
2-1: SINGLE (Line Drive, 6MD)
Batting: RHB Jeff Jones 0-0: Ball
1-0: Ball
2-0: Foul Ball, location: 2F
2-1: DOUBLE (Line Drive, 89XD)
John Cotton to third
Pitching: RHP António Mata
Batting: LHB Denny Poole 0-0: Ball
1-0: Ball
2-0: Ball
3-0: Called Strike
3-1: Base on Balls
Batting: RHB Octávio Marín 0-0: Called Strike
0-1: Grounds into double play, 4-2-3 (Groundball, 4)
Jeff Jones to third
Denny Poole to second
Batting: LHB Dave Watson 0-0: SINGLE (Line Drive, 34D)
Jeff Jones scores
Denny Poole to third
Runner from 3rd tries for Home, SAFE, no throw
Batting: RHB Francisco Tañón 0-0: Ball
1-0: Foul Ball, location: 2F
1-1: Foul Ball, location: 2F
1-2: Fielders Choice at 2nd, 6-4 (Groundball, 56)
Bottom of the 5th over - 2 run(s), 3 hit(s), 0 error(s), 0 left on base; Waba 2 - Indiana 7
TOP OF THE 6TH
Waba Ducks batting - Pitching for Indiana Hounds : RHP Alvin Heath
Batting: RHB Kelly Graham 0-0: Ground out 6-3 (Groundball, 6)
Batting: LHB Javier Orozco 0-0: Foul Ball, location: 2F
0-1: Fly out, F4 (Line Drive, 4)
Batting: LHB Sammy Marshall 0-0: Foul Ball, location: 2F
0-1: Ball
1-1: Ball
2-1: Swinging Strike
2-2: Strikes out swinging
Top of the 6th over - 0 run(s), 0 hit(s), 0 error(s), 0 left on base; Waba 2 - Indiana 7
BOTTOM OF THE 6TH
Indiana Hounds batting - Pitching for Waba Ducks : RHP António Mata
Batting: RHB Doug Murray 0-0: SINGLE (Groundball, 56S) (infield hit)
Batting: LHB Dave Helásquez 0-0: Ball
1-0: Grounds into double play, 6-4-3 (Groundball, 6)
Batting: RHB Javier Martínez 0-0: Swinging Strike
0-1: Ball
1-1: Ground out 5-3 (Groundball, 5)
Bottom of the 6th over - 0 run(s), 1 hit(s), 0 error(s), 0 left on base; Waba 2 - Indiana 7
TOP OF THE 7TH
Waba Ducks batting - Pitching for Indiana Hounds : RHP Alvin Heath
Batting: RHB Jeremy Flemming 0-0: Ball
1-0: Ball
2-0: Called Strike
2-1: Ball
3-1: SOLO HOME RUN (Flyball, 78XD), Distance : 403 ft
Batting: RHB Roberto Pagán 0-0: Ground out 5-3 (Groundball, 5)
Batting: RHB Enrique Castillo 0-0: Ground out 5-3 (Groundball, 56)
Batting: RHB Paul Spencer 0-0: Called Strike
0-1: Foul Ball, location: 2F
0-2: SINGLE (Groundball, 6MD)
Batting: SHB Alex Aguilar 0-0: Called Strike
0-1: Reached on error, E6 (Groundball, 6)
Paul Spencer to second
Batting: LHB José Rodríguez 0-0: Called Strike
0-1: Called Strike
0-2: Ball
1-2: Foul Ball, location: 2F
1-2: Foul Ball, location: 2F
1-2: Foul Ball, location: 2F
1-2: Fly out, F8 (Flyball, 8LD)
Top of the 7th over - 1 run(s), 2 hit(s), 1 error(s), 2 left on base; Waba 3 - Indiana 7
BOTTOM OF THE 7TH
Indiana Hounds batting - Pitching for Waba Ducks : RHP António Mata
Batting: LHB John Cotton 0-0: Fly out, F3 (Line Drive, 34)
Batting: RHB Jeff Jones 0-0: Called Strike
0-1: Foul Ball, location: 2F
0-2: Ground out 5-3 (Groundball, 5L)
Batting: LHB Denny Poole 0-0: Ball
1-0: Ground out 4-3 (Groundball, 4)
Bottom of the 7th over - 0 run(s), 0 hit(s), 0 error(s), 0 left on base; Waba 3 - Indiana 7
TOP OF THE 8TH
Waba Ducks batting - Pitching for Indiana Hounds : RHP Alvin Heath
Batting: RHB Kelly Graham 0-0: Called Strike
0-1: Ball
1-1: Foul Ball, location: 2F
1-2: Fly out, F6 (Line Drive, 6)
Pitching: RHP Porter Warren
Batting: LHB Javier Orozco 0-0: Ball
1-0: Ball
2-0: Called Strike
2-1: Ball
3-1: Base on Balls
Batting: LHB Sammy Marshall 0-0: Ball
1-0: SINGLE (Groundball, 34D)
Javier Orozco to second
Runner from 2nd tries for 3rd, SAFE, throw made to third
Sammy Marshall to second
Pitching: RHP Mike Meeks
Batting: RHB Jeremy Flemming 0-0: SINGLE (Groundball, 6M) (infield hit)
Javier Orozco scores
Sammy Marshall to third
Batting: RHB Roberto Pagán 0-0: Foul Ball, location: 2F
0-1: Ball
1-1: Swinging Strike
1-2: Strikes out swinging
Batting: RHB Enrique Castillo 0-0: Ball
1-0: Ball
2-0: Swinging Strike
2-1: Fielders Choice at 2nd, 4-6 (Groundball, 4)
Top of the 8th over - 1 run(s), 2 hit(s), 0 error(s), 1 left on base; Waba 4 - Indiana 7
BOTTOM OF THE 8TH
Indiana Hounds batting - Pitching for Waba Ducks : RHP António Mata
Batting: RHB Octávio Marín 0-0: Foul Ball, location: 2F
0-1: Foul Ball, location: 2F
0-2: Ball
1-2: Ball
2-2: Ball
3-2: Strikes out looking
Batting: LHB Dave Watson 0-0: Ball
1-0: Fly out, F8 (Flyball, 8RS)
Batting: RHB Francisco Tañón 0-0: Called Strike
0-1: Ground out 6-3 (Groundball, 6M)
Bottom of the 8th over - 0 run(s), 0 hit(s), 0 error(s), 0 left on base; Waba 4 - Indiana 7
TOP OF THE 9TH
Waba Ducks batting - Pitching for Indiana Hounds : RHP Mike Meeks
Pitching: RHP Enrique Gómez
Batting: RHB Paul Spencer 0-0: Called Strike
0-1: Ball
1-1: Foul Ball, location: 2F
1-2: Strikes out swinging, 2-3 out at first.
Batting: SHB Alex Aguilar 0-0: Ball
1-0: Foul Ball, location: 2F
1-1: Swinging Strike
1-2: Foul Ball, location: 2F
1-2: Strikes out swinging
Batting: LHB José Rodríguez 0-0: DOUBLE (Flyball, 78D)
Batting: RHB Kelly Graham 0-0: Swinging Strike
0-1: Ball
1-1: Ball
2-1: Ball
3-1: Foul Ball, location: 2F
3-2: Strikes out swinging
Top of the 9th over - 0 run(s), 1 hit(s), 0 error(s), 1 left on base; Waba 4 - Indiana 7
Tuesday, August 8th, 2017 - OOTP Baseball 17.12 Build 75